 Dungeon Crawl Stone Soup version 0.28.0 (webtiles) character file.

Game seed: 13083863439814764568

7 Prodoman the Magician (level 1, 0/13 HPs)
             Began as a Demonspawn Hedge Wizard on Feb 4, 2022.
             Slain by a quokka (4 damage)
             ... on level 1 of the Dungeon.
             The game lasted 00:02:18 (670 turns).

Prodoman the Magician (Demonspawn Hedge Wizard)      Turns: 670, Time: 00:02:19

Health: 0/13       AC:  3    Str: 10    XL:     1   Next: 91%
Magic:  1/4        EV: 12    Int: 15    God:
Gold:   18         SH:  0    Dex: 12    Spells: 5/6 levels left

rFire   . . .      SeeInvis .   a - +0 dagger
rCold   . . .      Faith    .   (no shield)
rNeg    . . .      Spirit   .   b - +0 robe
rPois   .          Reflect  .   c - +0 hat
rElec   .          Harm     .   (no cloak)
rCorr   .          Rampage  .   f - +0 pair of gloves
Will    .....                   (no boots)
Stlth   ++........              (no amulet)
HPRegen 0.04/turn               (no ring)
MPRegen 0.09/turn               (no ring)

@: no status effects
A: no striking features
a: no special abilities


You were on level 1 of the Dungeon.
You visited 1 branch of the dungeon, and saw 1 of its levels.

You collected 18 gold pieces.

Inventory:

Hand Weapons
 a - a +0 dagger (weapon)
Armour
 b - a +0 robe (worn)
 c - a +0 hat (worn)
 e - a +3 scale mail
 f - a +0 pair of gloves (worn)
Scrolls
 d - a scroll of magic mapping {unknown}


   Skills:
 + Level 1.9 Dodging
 - Level 2.0 Stealth
 * Level 3.1 Spellcasting
 - Level 1.1 Conjurations
 - Level 1.1 Summonings
 - Level 1.0 Translocations


You had 5 spell levels left.
You knew the following spells:

 Your Spells              Type           Power      Damage    Failure   Level
a - Magic Dart            Conj           20%        1d4       13%         1

Your spell library contained the following spells:

 Spells                   Type           Power      Damage    Failure   Level
 Call Imp                 Summ           5%         N/A       19%         2
 Slow                     Hex            8%         N/A       21%         1
 Blink                    Tloc           10%        N/A       21%         2
 Conjure Flame            Conj/Fire      4%         6-21      43%         3
 Mephitic Cloud           Conj/Pois/Air  3%         N/A       45%         3


Dungeon Overview and Level Annotations

Branches:
Dungeon (1/15)

Altars:


Message History

The quokka barely misses you.
Casting: Magic Dart (safe; 13% risk of failure)
Confirm with . or Enter, or press ? or * to list all spells.
You don't have enough magic to cast this spell.
The quokka bites you.
You hit the quokka but do no damage. You punch the quokka, but do no damage.
The quokka is heavily wounded.
The quokka bites you. x2
You barely miss the quokka.
The quokka is heavily wounded.
The quokka barely misses you.
You closely miss the quokka.
The quokka is heavily wounded.
The quokka barely misses you.
You miss the quokka.
The quokka is heavily wounded.
The quokka closely misses you.
You closely miss the quokka.
The quokka is heavily wounded.
The quokka closely misses you.
You miss the quokka.
The quokka is heavily wounded.
The quokka barely misses you. The quokka closely misses you.
You hit the quokka but do no damage.
The quokka is heavily wounded.
The quokka misses you.
You barely miss the quokka.
The quokka is heavily wounded.
The quokka barely misses you.
You barely miss the quokka.
The quokka is heavily wounded.
The quokka barely misses you.
You hit the quokka.
The quokka is almost dead.
The quokka barely misses you.
You closely miss the quokka.
The quokka is almost dead.
The quokka bites you but does no damage.
The quokka bites you.
You die...

######.†### .........†.
#######.### #.## #..# #
#### ##.## #.#.. #..#
#####.#.##############†#
......r@....(...........
#####.#.##############.#
# #.....# #... #####.#
#... #.# ######... #.#
#........ #.####........
#.............
#.............


You could see a quokka.

Vanquished Creatures
  An endoplasm (D:1)
  A giant cockroach (D:1)
  2 hobgoblins (D:1)
  A quokka (D:1)
  A rat (D:1)
6 creatures vanquished.

Notes
Turn   | Place    | Note
-------+----------+-------------------------------------------
     0 | D:1      | Prodoman the Demonspawn Hedge Wizard began the quest for
                  | the Orb.
     0 | D:1      | Reached XP level 1. HP: 13/13 MP: 4/4
   567 | D:1      | Reached skill level 1 in Translocations
   670 | D:1      | Slain by a quokka

Illustrated notes

Levels and vault maps discovered:
D:1:      dpeg_arrival_rhombi, layout_basic, shapermc_ecumenical_altar_ellora

Skill      XL: |  1 |
---------------+----+-----
Translocations | 1 |  1.0
Stealth        | 2 |  2.0
Dodging        | |  1.9
Spellcasting   | |  3.1
Conjurations   | |  1.1
Summonings     | |  1.1

Action                   || total
-------------------------++-------
Melee: Dagger            ||    26
       Punch             ||     1
 Cast: Magic Dart        ||    18
Armor: Robe              ||     3
Dodge: Dodged            ||    23
